 Dungeon Crawl Stone Soup version 0.21.1-1-g345015fe64 (webtiles) character file.

11352 Lentor the Carver (level 11, -1/99 HPs)
             Began as a Minotaur Berserker on June 21, 2018.
             Was a High Priest of Trog.
             Slain by a soldier ant (6 damage)
             ... on level 11 of the Dungeon.
             The game lasted 00:22:21 (11032 turns).

Lentor the Carver (Minotaur Berserker)             Turns: 11032, Time: 00:22:21

Health: -1/99      AC: 14    Str: 24    XL:     11   Next: 48%
Magic:  3/3        EV:  6    Int:  6    God:    Trog [*****.]
Gold:   655        SH: 17    Dex: 11    Spells: 10/10 levels left

rFire    . . .     SeeInvis +   G - +5 scimitar (antimagic)
rCold    . . .     Gourm    .   j - +0 large shield
rNeg     . . .     Faith    +   D - +0 plate armour
rPois    .         Spirit   .   B - +2 hat {SInv}
rElec    .         Reflect  .   A - +0 cloak
rCorr    .         Harm     .   l - +0 pair of gloves
MR       .....                  (no boots)
Stlth    ..........             k - amulet of faith
HPRegen  0.26/turn              (no ring)
MPRegen  0.08/turn              (no ring)

@: lethally poisoned (-1 -> -2), berserk cooldown
A: retaliatory headbutt, horns 2, clever 1, deformed body
a: Berserk, Trog's Hand, Brothers in Arms, Burn Spellbooks, Renounce Religion


You were on level 11 of the Dungeon.
You worshipped Trog.
Trog was extremely pleased with you.
You were not hungry.

You visited 2 branches of the dungeon, and saw 12 of its levels.
You also visited: Sewer.

You collected 655 gold pieces.

Inventory:

Hand Weapons
 G - a +5 antimagic scimitar (weapon)
Armour
 j - a +0 large shield (worn)
 l - a +0 pair of gloves (worn)
 A - a +0 cloak (worn)
 B - a +2 hat of see invisible (worn)
 D - a +0 plate armour (worn)
Jewellery
 k - an amulet of faith (around neck)
 r - an uncursed amulet of the gourmand
Wands
 a - a wand of random effects (13)
 n - a wand of iceblast (7)
 t - a wand of scattershot (4)
 y - a wand of disintegration (9)
 E - a wand of digging (11)
 F - a wand of paralysis (14)
Scrolls
 b - 2 scrolls of blinking
 e - 8 scrolls of teleportation
 f - 4 scrolls of immolation
 g - 2 scrolls of identify
 h - a scroll of remove curse
 x - a scroll of magic mapping
Potions
 d - a potion of heal wounds
 i - 2 potions of agility
 o - 6 potions of curing
 p - a potion of ambrosia
 q - a potion of haste
 s - 2 potions of brilliance
 v - 3 potions of might
 w - 2 potions of flight
 z - a potion of lignification
 C - 2 potions of magic
Comestibles
 c - 15 rations


   Skills:
 + Level 10.0 Fighting
 + Level 13.2 Long Blades
 + Level 10.6 Armour
 - Level 4.9 Dodging
 - Level 0.9 Stealth
 + Level 9.3 Shields


You had 10 spell levels left.
You didn't know any spells.

Dungeon Overview and Level Annotations

Branches:
Dungeon (11/15)            Temple (1/1) D:4            Lair (0/6) D:9
    Orc (0/2) D:10

Altars:
Ashenzari
Cheibriados
Dithmenos
Elyvilon
Fedhas
Gozag
Hepliaklqana
Kikubaaqudgha
Makhleb
Nemelex Xobeh
Okawaru
Qazlal
Ru
Sif Muna
Trog
Uskayaw
Vehumet
Wu Jian
Xom
Yredelemnul
Zin
The Shining One
Beogh

Shops:
D:4 *

Annotations:
D:10 exclusions: electric eel and 1 more exclusion


Innate Abilities, Weirdness & Mutations

You reflexively headbutt those who attack you in melee.
You have a pair of horns on your head.
Your mind is acute. (Int +2)
Armour fits poorly on your strangely shaped body.


Message History

You headbutt the soldier ant!
The soldier ant is heavily wounded.
You block the soldier ant's attack.
The worker ant barely misses your two-headed ogre.
Your plate armour prevents you from hitting the soldier ant.
The soldier ant is heavily wounded.
You block the soldier ant's attack.
You hit the soldier ant. Your headbutt misses the soldier ant.
The soldier ant is severely wounded.
You feel sick.
Your two-headed ogre disappears in a puff of smoke!
The soldier ant completely misses you. You furiously retaliate!
You headbutt the soldier ant, but do no damage.
You riposte.
You closely miss the soldier ant.
The soldier ant is severely wounded.
You eat one of the 16 rations.
That ration really hit the spot!
The worker ant bites you.
* * * LOW HITPOINT WARNING * * *
The soldier ant stings you.
You die...

....##.#**,..#**,,,##*,,,,,,,,,,,
...##.###,,#..#.,*,.###,,,*,,,,,,
.....##...*##...***...##,,**,*,,,
.....#....,#....,*,....#,***,,,,,
.....##...###...###...**,**,,,,,,
......###..#a.#..#..#**,***,*,,,*
.......###...###§..##*,****,,,,*,
........#...aa#.aa..#,,* *,*,,*,∩
........##.O.###@..##*** *,*,,,*,
##.......###..#a.### **,*,,,,*
.##.......†##...## *,**,,,,,
.###.......†#'†'## **,**,,,,,
#.*##......†††...# *,,****,,,
*,.*##.......†..## *,** **,,
**,**##........## **,* **, *,,*
########## *,,* ** **,,** **,**


You could see a soldier ant and 2 worker ants.

Vanquished Creatures
  Gastronok (D:8)
  A two-headed ogre (D:10)
  Pikel (D:4)
  The ghost of Greboboi the Insei, a novice GnTm of Fedhas (D:7)
  A merfolk (D:9)
  The ghost of Greboboi the Ruffian, an amateur DrTm of the Shining One (D:4)
  2 hippogriffs (D:8)
  Sigmund (D:3)
  A wraith (D:10)
  A shadow (D:11)
  4 wyverns (D:9)
  4 yaks (D:10)
  A basilisk (D:9)
  An acid dragon (D:11)
  A water moccasin (D:5)
  2 soldier ants (D:11)
  A sky beast (D:10)
  A swamp drake (D:9)
  2 slaves (D:4)
  4 orc warriors
  2 ice beasts
  A necrophage (D:10)
  2 black bears
  An ogre (D:9)
  3 centaurs
  2 crocodiles (D:9)
  2 big kobolds
  A wyvern zombie (D:9)
  4 bullfrogs
  3 scorpions
  3 wights
  3 howler monkeys
  A bullfrog zombie (D:9)
  4 crimson imps
  3 jellies
  7 orc wizards
  A bullfrog skeleton (D:5)
  7 orc priests
  A hound (D:8)
  A centaur skeleton (D:5)
  6 iguanas
  16 worker ants
  Natasha (thrice) (D:3)
  2 hound skeletons
  Robin (D:3)
  A howler monkey skeleton (D:8)
  9 adders
  7 river rats (Sewer)
  2 shadow imps
  2 oozes
  2 adder skeletons
  An adder zombie (D:8)
  A worm (D:3)
  5 leopard geckos
  44 orcs
  4 bats
  11 giant cockroaches
  8 goblins (D:3)
  11 hobgoblins
  6 jackals
  23 kobolds
  3 quokkas
  5 ball pythons
  7 frilled lizards
  A jackal skeleton (D:8)
  20 rats
285 creatures vanquished.

Vanquished Creatures (collateral kills)
  A queen ant (D:11)
  2 yaks (D:10)
  A basilisk (D:10)
  3 soldier ants (D:11)
  An orc warrior (D:10)
  3 orc priests (D:10)
  11 worker ants (D:11)
  15 orcs (D:10)
  3 kobolds (D:10)
40 creatures vanquished.

Grand Total: 325 creatures vanquished

Notes
Turn   | Place    | Note
-------+----------+-------------------------------------------
     0 | D:1      | Lentor the Minotaur Berserker began the quest for the Orb.
     0 | D:1      | Reached XP level 1. HP: 19/19 MP: 0/0
   162 | D:1      | Reached skill level 4 in Long Blades
   162 | D:1      | Reached XP level 2. HP: 17/27 MP: 1/1
  1080 | D:3      | Reached XP level 3. HP: 29/33 MP: 2/2
  1109 | D:3      | Reached ** piety under Trog
  1139 | D:3      | Noticed Natasha
  1144 | D:3      | Killed Natasha
  1144 | D:3      | Reached XP level 4. HP: 34/40 MP: 3/3
  1254 | D:3      | Reached skill level 5 in Long Blades
  1543 | D:3      | Noticed Natasha
  1554 | D:3      | Killed Natasha
  1554 | D:3      | Reached XP level 5. HP: 38/47 MP: 4/4
  1560 | D:3      | Found a blossoming altar of Fedhas.
  1569 | D:3      | Found a snail-covered altar of Cheibriados.
  1571 | D:3      | Found a basalt altar of Yredelemnul.
  1571 | D:3      | Found a shadowy altar of Dithmenos.
  1574 | D:3      | Found an iron altar of Okawaru.
  1628 | D:3      | Noticed Robin
  1642 | D:3      | Killed Robin
  1683 | D:3      | Noticed Natasha
  1691 | D:3      | Killed Natasha
  2128 | D:3      | Noticed Sigmund
  2133 | D:3      | Killed Sigmund
  2133 | D:3      | Reached *** piety under Trog
  2133 | D:3      | Reached skill level 6 in Long Blades
  2133 | D:3      | Reached XP level 6. HP: 55/55 MP: 5/5
  2257 | D:4      | Found a staircase to the Ecumenical Temple.
  2266 | D:4      | Found a glowing drain.
  2301 | Sewer    | Entered a sewer
  2337 | Sewer    | Reached skill level 5 in Fighting
  2344 | Sewer    | Reached skill level 7 in Long Blades
  2388 | Sewer    | Reached XP level 7. HP: 55/61 MP: 6/6
  2668 | Sewer    | Reached **** piety under Trog
  2958 | D:4      | Noticed Greboboi's ghost (amateur DrTm)
  2979 | D:4      | Killed Greboboi's ghost
  2979 | D:4      | Reached skill level 5 in Armour
  3252 | D:4      | Found Tittiad's General Store.
  3351 | D:4      | Reached skill level 8 in Long Blades
  3422 | D:4      | Noticed Pikel
  3432 | D:4      | Killed Pikel
  3432 | D:4      | Reached skill level 9 in Long Blades
  3432 | D:4      | Reached XP level 8. HP: 71/71 MP: 7/7
  3639 | D:5      | Entered Level 5 of the Dungeon
  3670 | D:5      | Found a shimmering altar of Xom.
  4070 | D:5      | Identified the Grimoire of Transmutation and Stones
  4320 | D:6      | Reached skill level 10 in Long Blades
  4726 | D:6      | Reached skill level 1 in Shields
  4726 | D:6      | Reached XP level 9. HP: 57/79 MP: 8/8
  5325 | D:6      | Reached ***** piety under Trog
  5558 | D:7      | Noticed Greboboi's ghost (novice GnTm)
  5573 | D:7      | Killed Greboboi's ghost
  5958 | D:7      | Found an ornate altar of the Wu Jian Council.
  6379 | D:8      | Noticed Gastronok
  6399 | D:8      | Killed Gastronok
  6399 | D:8      | Reached skill level 11 in Long Blades
  6399 | D:8      | Reached skill level 5 in Shields
  6399 | D:8      | Reached XP level 10. HP: 44/90 MP: 9/9
  6630 | D:8      | Gained mutation: Your muscles are strong. (Str +2) [potion of mutation]
  6630 | D:8      | Lost mutation: Your muscles are strong. (Str +2) [potion of mutation]
  6630 | D:8      | Gained mutation: Armour fits poorly on your strangely shaped body. [potion of mutation]
  6630 | D:8      | Gained mutation: Your mind is acute. (Int +2) [potion of mutation]
  6800 | D:8      | Received a gift from Trog
  6920 | D:8      | Found a blossoming altar of Fedhas.
  7569 | Temple   | Entered the Ecumenical Temple
  7910 | D:9      | Reached skill level 12 in Long Blades
  8598 | D:9      | Found a staircase to the Lair.
  8970 | D:9      | Paralysed by a wight for 3 turns
  9264 | D:10     | Entered Level 10 of the Dungeon
  9375 | D:10     | Noticed a two-headed ogre
  9384 | D:10     | Killed a two-headed ogre
  9384 | D:10     | Reached skill level 10 in Armour
  9384 | D:10     | Reached XP level 11. HP: 54/97 MP: 10/10
  9767 | D:10     | Found a roughly hewn altar of Beogh.
  9767 | D:10     | Found a staircase to the Orcish Mines.
  9781 | D:10     | Received a gift from Trog
 10880 | D:11     | Reached skill level 13 in Long Blades
 10976 | D:11     | Noticed a queen ant
 10998 | D:11     | Killed a queen ant
 11008 | D:11     | Reached skill level 10 in Fighting
 11032 | D:11     | Slain by a soldier ant

Skill      XL: |  1  2  3  4  5  6  7  8  9 10 11 |
---------------+----------------------------------+-----
Long Blades    | 4 5 6 7 9 10 11 12 13 | 13.2
Fighting       | 4 5 6 7 8 9 10 | 10.0
Dodging        | 3 4 |  4.9
Armour         | 3 4 6 8 10 | 10.6
Shields        | 1 5 8 9 |  9.3
Stealth        | |  0.9

Action                   |  1- 3 |  4- 6 |  7- 9 | 10-12 || total
-------------------------+-------+-------+-------+-------++-------
Melee: Falchion          |    51 |   114 |   294 |   344 ||   803
       Headbutt          |    11 |    19 |    86 |   109 ||   225
       Scimitar          |       |       |       |    74 ||    74
Invok: Berserk           |       |     3 |     4 |     8 ||    15
       Burn Spellbooks   |       |       |     1 |     1 ||     2
       Brothers in Arms  |       |       |       |     6 ||     6
  Use: Scroll            |       |       |    21 |     9 ||    30
       Potion            |       |       |       |     3 ||     3
  Eat: Chunk             |       |     7 |    11 |     9 ||    27
       Ration            |       |       |     2 |     5 ||     7
Armor: Animal skin       |     1 |       |       |       ||     1
       Ring mail         |    10 |    37 |    51 |       ||    98
       Plate armour      |       |       |    37 |   130 ||   167
Dodge: Dodged            |    36 |    65 |   139 |    73 ||   313
Block: Large shield      |       |       |    56 |   320 ||   376
       Shield            |       |       |     9 |       ||     9
       Rpst.: Falchion   |    11 |    23 |    35 |    11 ||    80
       Scimitar          |       |       |       |    10 ||    10
